 Dungeon Crawl Stone Soup version 0.31.0-9-g3a7656b989 (webtiles) character file.

Game seed: 12157661414612148881

63 qw the Shooter (level 3, -3/20 HPs)
             Began as a Deep Elf Hunter on Feb 2, 2024.
             Slain by a gnoll
             ... wielding a +0 halberd
              (8 damage)
             ... on level 2 of the Dungeon.
             The game lasted 00:00:03 (703 turns).

qw the Shooter (Deep Elf Hunter)                     Turns: 703, Time: 00:00:04

Health: -3/20      AC:  3    Str:  8 (10) XL:     3   Next: 89%
Magic:  5/5        EV: 17    Int: 11 (13) God:
Gold:   66         SH:  0    Dex: 17 (18) Spells: 2/2 levels left

rFire   . . .        a - +0 shortbow
rCold   . . .        (shield currently unavailable)
rNeg    . . .        c - +0 leather armour
rPois   .            (no helmet)
rElec   .            (no cloak)
rCorr   .            (no gloves)
SInv    .            (no boots)
Will    .....        (no amulet)
Stlth   ++           h - +5 ring of evasion
HPRegen 0.23/turn    (no ring)
MPRegen 0.09/turn

%: no passive effects
@: no status effects
A: no striking features
a: no special abilities


You were on level 2 of the Dungeon.
You visited 1 branch of the dungeon, and saw 2 of its levels.

You collected 66 gold pieces.


   Skills:
 - Level 1.5 Fighting
 + Level 7.3 Ranged Weapons
 - Level 2.4 Dodging
 - Level 1.2 Stealth


You had 2 spell levels left.
You didn't know any spells.
Your spell library was empty.

Inventory:

Hand Weapons
 a - a +0 shortbow (weapon)
Armour
 c - a +0 leather armour (worn)
Jewellery
 h - a +5 ring of evasion (left hand)
Scrolls
 b - a scroll of fear {unknown}
Potions
 d - a potion of mutation
 e - 2 potions of curing {unknown}
 f - a potion of heal wounds {unknown}
 i - a potion of resistance {unknown}

Dungeon Overview and Level Annotations

Branches:
Dungeon (2/15)

Altars:
Gozag
Uskayaw


Message History

The gnoll is moderately wounded.
Enter note:
691 ||| RETREEEEATING.
Enter note:
692 ||| RETREEEEATING.
You shoot an arrow. The arrow hits the gnoll.
The gnoll is moderately wounded.
You shoot an arrow. The arrow hits the gnoll!
You kill the gnoll!
Your Ranged Weapons skill increases to level 7!
You shoot an arrow. The arrow hits the gnoll.
The gnoll is moderately wounded.
The gnoll misses you. The gnoll closely misses you.
You shoot an arrow. The arrow closely misses the gnoll.
The gnoll completely misses you. The gnoll misses you.
697 ||| RETREEEEATING.
You shoot an arrow. The arrow closely misses the gnoll.
The gnoll hits you with a +0 club.
You shoot an arrow. The arrow hits the gnoll.
The gnoll is heavily wounded.
You hear a shout!
The gnoll misses you. The gnoll barely misses you.
The gnoll closely misses you. The gnoll hits you with a +0 club.
You shoot an arrow. The arrow hits the gnoll!
You kill the gnoll!
The gnoll hits you from afar with a +0 halberd.
The quokka barely misses you.
You feel your dexterity returning.
You shoot an arrow. The arrow misses the quokka.
The arrow hits the gnoll but does no damage.
The gnoll is moderately wounded.
The quokka bites you.
The gnoll hits you from afar with a +0 halberd.
You shoot an arrow. The arrow hits the quokka!
You kill the quokka!
The gnoll barely misses you.
You shoot an arrow. The arrow hits the gnoll.
The gnoll is heavily wounded.
The gnoll hits you from afar with a +0 halberd!
You die...

# #.##.......)..#
#.#.##.####.###.###
#......# #.#.....
#...#######.#.#.###
#.................#
##.#..............#
.. ######..._....#
#.#######
##...(..###
+...@gg.###.......#
#.####)......######
#..........#
.......$....#
#..##........... #.
.r............. .
#.#.g...##.?....
r..#.....##......
##.......# ######


You could see 2 gnolls.

Vanquished Creatures
  2 gnolls (D:2)
  A dart slug (D:1)
  4 bats (D:1)
  7 endoplasms
  A giant cockroach (D:1)
  A goblin (D:2)
  6 hobgoblins
  2 jackals
  2 kobolds (D:1)
  2 quokkas
  3 ball pythons
  5 frilled lizards
  2 rats (D:1)
38 creatures vanquished.

Notes
Turn   | Place    | Note
-------+----------+-------------------------------------------
     0 | D:1      | qw the Deep Elf Hunter began the quest for the Orb.
     0 | D:1      | Reached XP level 1. HP: 12/12 MP: 3/3
     0 | D:1      | 0 ||| qw: Version: 0.3-a-155-g5e7d8dd
     0 | D:1      | 0 ||| qw: Game counter: 1867
     0 | D:1      | 0 ||| qw: Melee chars always use a shield: true
     0 | D:1      | 0 ||| qw: God list: Okawaru
     0 | D:1      | 0 ||| qw: Allow faded altars: false
     0 | D:1      | 0 ||| qw: Do Orc after clearing Dungeon:15 true
     0 | D:1      | 0 ||| qw: Do second Lair branch before Depths: true
     0 | D:1      | 0 ||| qw: Lair rune preference: random
     0 | D:1      | 0 ||| qw: Goals: Normal
     0 | D:1      | 0 ||| PLANNING D:1-11
   117 | D:1      | Reached XP level 2. HP: 16/16 MP: 4/4
   125 | D:1      | Reached skill level 6 in Ranged Weapons
   373 | D:1      | Found a hide-covered altar of Uskayaw.
   429 | D:1      | Reached XP level 3. HP: 20/20 MP: 5/5
   561 | D:1      | 561 ||| UPGRADING to +5 ring of evasion.
   562 | D:1      | 562 ||| READING scroll labelled FEAGEM XOUXIG.
   562 | D:1      | 562 ||| IDENTIFYING brown potion
   563 | D:1      | 563 ||| READING scroll labelled LYSUAB ZECUNOS.
   564 | D:1      | 564 ||| READING scroll labelled JETOURGHUSU.
   569 | D:1      | 569 ||| DRINKING 2 bubbling red potions.
   570 | D:1      | 570 ||| DROPPING scroll of butterflies.
   571 | D:1      | 571 ||| DROPPING potion of degeneration.
   585 | D:2      | 585 ||| STAIRDANCE
   651 | D:2      | Found an opulent altar of Gozag.
   687 | D:2      | 687 ||| RETREEEEATING.
   688 | D:2      | 688 ||| RETREEEEATING.
   689 | D:2      | 689 ||| RETREEEEATING.
   691 | D:2      | 691 ||| RETREEEEATING.
   692 | D:2      | 692 ||| RETREEEEATING.
   695 | D:2      | Reached skill level 7 in Ranged Weapons
   697 | D:2      | 697 ||| RETREEEEATING.
   701 | D:2      | HP: 5/20 [gnoll/+0 halberd (3)]
   703 | D:2      | Slain by a gnoll

Levels and vault maps discovered:
D:1:      sevenhm_arrival_forest_fort_small_6, layout_loops_cross
D:2:      layout_basic, basic_altar, shapermc_ecumenical_altar_mp_highgroup,
          chequers_arboretum, wad_orctagon, uniq_robin

Skill      XL: |  1  2  3 |
---------------+----------+-----
Ranged Weapons | 6 7 |  7.3
Fighting       | |  1.5
Dodging        | |  2.4
Stealth        | |  1.2

Action                     || total
---------------------------++-------
   Fire: Shortbow          ||    93
    Use: Scroll            ||     3
         Potion            ||     1
 Armour: Leather armour    ||    18
  Dodge: Dodged            ||    30

Table legend:
 A = Non-vault XP
 B = Vault XP
 C = Vault XP percentage of total XP
 D = Non-vault monster count
 E = Vault monster count
 F = Vault count percentage of total count
                 A         B        C        D         E       F
            +---------+---------+-------+---------+---------+-------
      Total |      91 |       0 |   0.0 |      38 |       0 |   0.0
            +---------+---------+-------+---------+---------+-------
        D:1 |      50 |       0 |   0.0 |      29 |       0 |   0.0
        D:2 |      41 |       0 |   0.0 |       9 |       0 |   0.0
            +---------+---------+-------+---------+---------+-------
